 Dungeon Crawl Stone Soup version 0.29.1-15-g9cfb28693d (webtiles) character file.

Game seed: 7757753853917376923

56879 raph the Warrior (level 14, -7/202 HPs)
             Began as a Minotaur Berserker on Mar 29, 2023.
             Was a High Priest of Trog.
             Mangled by Saint Roka
             ... wielding a +2 great sword
              (51 damage)
             ... on level 2 of the Orcish Mines.
             The game lasted 00:27:54 (26284 turns).

raph the Warrior (Minotaur Berserker)              Turns: 26284, Time: 00:27:54

Health: -7/202     AC: 30    Str: 26    XL:     14   Next: 43%
Magic:  13/13      EV: 16    Int:  4    God:    Trog [*****.]
Gold:   991        SH:  5    Dex: 20    Spells: 13/13 levels left

rFire   . . .      SeeInvis .   a - +4 double sword
rCold   . . .      Faith    .   (no shield)
rNeg    . . .      Spirit   .   p - +1 plate armour
rPois   .          Reflect  +   (helmet restricted)
rElec   .          Harm     .   I - +1 cloak {rCorr}
rCorr   +          Rampage  .   H - +1 pair of gloves {Str+3}
Will    +++..                   c - +2 pair of boots
Stlth   ..........              D - amulet of reflection
HPRegen 1.43/turn               y - +6 ring of dexterity
MPRegen 0.13/turn               A - +4 ring of protection

@: mighty, berserking (expiring), strong-willed, regenerating, very quick
A: horns 2, retaliatory headbutt
a: Renounce Religion, Berserk, Trog's Hand, Brothers in Arms


You were on level 2 of the Orcish Mines.
You worshipped Trog.
Trog was extremely pleased with you.
You visited 3 branches of the dungeon, and saw 18 of its levels.
You also visited: Ice Cave.

You collected 1485 gold pieces.
You spent 494 gold pieces at shops.

Inventory:

Hand Weapons
 a - a +4 double sword (weapon)
 b - a +0 shortbow
 w - the +7 dagger of Ignis's Anger {vorpal, *Noise rElec Str+3}
   (You took it off a spriggan on level 5 of the Lair of Beasts)

   It inflicts extra damage upon your enemies.
   Str:       It affects your strength (+3).
   rElec:     It insulates you from electricity.
   *Noise:    It may make noises in combat.
 x - a +1 falchion of freezing
 F - a +1 scimitar of holy wrath
 O - a +3 scimitar
Armour
 c - a +2 pair of boots (worn)
 p - a +1 plate armour (worn)
 H - a +1 pair of gloves of strength (worn)
 I - a +1 cloak of preservation (worn)
Jewellery
 l - a ring of ice
 q - a ring of poison resistance
 y - a +6 ring of dexterity (left hand)
 A - a +4 ring of protection (right hand)
 D - an amulet of reflection (around neck)
 G - a ring of flight
Wands
 h - a wand of quicksilver (4)
 s - a wand of iceblast (33)
 z - a wand of paralysis (1)
 K - a wand of polymorph (11)
 N - a wand of digging (5)
 Q - a wand of flame (10)
Scrolls
 d - 2 scrolls of poison
 e - 5 scrolls of immolation
 g - 2 scrolls of fear
 m - 7 scrolls of butterflies
 L - a scroll of brand weapon
 P - 3 scrolls of teleportation
Potions
 f - 6 potions of flight
 i - 7 potions of attraction
 j - 3 potions of might
 k - 5 potions of heal wounds
 n - 8 potions of lignification
 o - 3 potions of invisibility
 r - 4 potions of curing
 t - 3 potions of mutation
 u - a potion of brilliance {unknown}
 v - 4 potions of haste
 C - 3 potions of ambrosia
 E - a potion of resistance
 J - a potion of cancellation {unknown}
 M - 3 potions of magic
Miscellaneous
 B - a phial of floods


   Skills:
 + Level 15.1 Fighting
 + Level 14.4 Long Blades
 + Level 9.3 Ranged Weapons
 + Level 14.9 Armour
 + Level 13.7 Dodging


You had 13 spell levels left.
You didn't know any spells.
Your spell library was empty.

Dungeon Overview and Level Annotations

Branches:
Dungeon (11/15)            Temple (0/1) D:5            Lair (5/5) D:11
 Shoals (0/4) Lair:2       Spider (0/4) Lair:3        Slime (0/5) Lair:4
    Orc (2/2) D:9             Elf (0/3) Orc:2         IceCv (visited)

Altars:
Ashenzari
Cheibriados
Gozag
Hepliaklqana
Makhleb
Okawaru
Sif Muna
Trog
Vehumet
Wu Jian
Lugonu

Shops:
D:6 (   D:9 :   D:11 [

Portals:
Abyss: D:8 Lair:5

Annotations:
D:5 1 runed translucent door, gargbit's ghost, novice DsHu
D:7 3 runed translucent doors, Garym's ghost, novice MiFi; gargbit's ghost, novice DsHu; protoss039's ghost, novice DsEE
D:8 2 transporters, gargbit's ghost, novice DsHu
Orc:2 Saint Roka


Innate Abilities, Weirdness & Mutations

You have a pair of horns on your head.
You reflexively headbutt those who attack you in melee.


Message History

The orc warrior closely misses you.
You hit Saint Roka. You headbutt Saint Roka!
Saint Roka is heavily wounded.
You hit Saint Roka.
Saint Roka is heavily wounded.
The orc warrior hits you from afar with a +0 trident.
Saint Roka roars a battlecry!
You barely miss Saint Roka. You headbutt Saint Roka!
Saint Roka is heavily wounded.
You hit Saint Roka. You punch Saint Roka, but do no damage.
Saint Roka is heavily wounded.
The orc knight no longer looks unusually strong.
Saint Roka invokes the aid of Beogh against you.
Beogh smites you!
The orc warrior hits you from afar with a +0 trident.
You barely miss Saint Roka. Your headbutt misses Saint Roka.
Saint Roka is heavily wounded.
You slash Saint Roka!
Saint Roka is severely wounded.
The orc no longer looks unusually strong. x2
The orc knight roars a battlecry!
The orcs go into a battle-frenzy!
Saint Roka roars a battlecry!
The orc knight goes into a battle-frenzy!
The orc warrior misses you.
You open Saint Roka like a pillowcase!!!
You headbutt Saint Roka!
Saint Roka is almost dead.
You hear a shout!
You barely miss Saint Roka. You headbutt Saint Roka!
Saint Roka is almost dead.
Saint Roka hits you with a +2 great sword!!!
* * * LOW HITPOINT WARNING * * *
The orc warrior barely misses you.
You hit Saint Roka but do no damage.
Saint Roka is almost dead.
You barely miss Saint Roka.
Saint Roka is almost dead.
Saint Roka hits you with a +2 great sword!!!
You die...

..........>....._.......
...)[).................
...).[..#o...........#
...[[[)).#......#...##
.....[.........#.#...#
..............o.o...#
.#.............ooo..#
##...#...)######o#o##
#.........))...#@# #
..........#..._#)#
..........######)#
.................#
.............#####
.........##.##
.##...#.#####
..#...#.##.##
............##


You could see Saint Roka (strong), an orc knight (strong), 2 orc warriors and 2
orcs.

Vanquished Creatures
  An ettin (Orc:1)
  2 boulder beetles
  An ice dragon (D:10)
  Fannar (D:11)
  3 hydras (Lair:4)
  2 two-headed ogres
  Urug (Lair:4)
  3 death yaks (Lair:4)
  4 thrashing horrors (Lair:5)
  A death drake (shapeshifter) (Lair:5)
  Pikel (D:5)
  A large abomination (Lair:5)
  An orc knight (Orc:2)
  4 ugly things
  A cyclops (Orc:2)
  A manticore (D:11)
  9 elephants
  Joseph (D:7)
  A black mamba (Lair:5)
  2 ice statues (IceCv)
  10 cane toads
  A torpor snail (Lair:3)
  6 rime drakes
  2 unseen horrors
  9 komodo dragons
  3 ancient zymes (Lair:5)
  2 trolls
  4 polar bears
  A polar bear (shapeshifter) (Lair:5)
  3 merfolk (Lair:2)
  25 blink frogs
  5 culicivoras (Lair:3)
  A shadow (D:10)
  2 spriggans (Lair:5)
  2 wraiths
  8 small abominations (Lair:5)
  55 yaks
  3 wyverns
  2 ynoxinuls (Lair:5)
  3 vampire mosquitoes (D:11)
  2 chaos spawn (Lair:5)
  5 basilisks
  An acid dragon (D:11)
  2 wargs (Orc:2)
  17 water moccasins
  A hydra simulacrum (IceCv)
  20 orc warriors
  A sky beast (D:7)
  2 black bears
  4 ogres
  An ice beast (D:6)
  18 wolves
  4 centaurs
  2 lemures (D:5)
  2 phantoms
  A kobold brigand (D:10)
  2 necrophages
  12 bullfrogs
  A cane toad simulacrum (IceCv)
  3 scorpions
  3 wights (D:9)
  2 elephant simulacra (IceCv)
  3 killer bees (D:9)
  8 electric eels
  11 orc priests
  13 hounds
  3 gnoll boudas
  6 jellies
  An iguana (D:4)
  20 orc wizards
  9 hell rats (Lair:3)
  A polar bear simulacrum (IceCv)
  A centaur simulacrum (D:10)
  Robin (D:2)
  8 adders
  22 gnolls
  11 river rats (Lair:3)
  A shadow imp (D:5)
  2 white imps (D:6)
  3 dart slugs
  70 orcs
  4 ball pythons
  9 bats
  14 endoplasms
  4 giant cockroaches
  15 goblins
  4 hobgoblins
  12 quokkas
  2 frilled lizards
  4 kobolds
  20 rats
576 creatures vanquished.

Vanquished Creatures (others)
  27 fungi
  25 plants
52 creatures vanquished.

Grand Total: 628 creatures vanquished

Notes
Turn   | Place    | Note
-------+----------+-------------------------------------------
     0 | D:1      | raph the Minotaur Berserker began the quest for the Orb.
     0 | D:1      | Reached XP level 1. HP: 19/19 MP: 0/0
   374 | D:1      | Reached XP level 2. HP: 23/26 MP: 1/1
   400 | D:1      | Found a faded altar of an unknown god.
   613 | D:1      | You fall into a shaft and drop 1 floor!
   649 | D:2      | Reached skill level 5 in Long Blades
   649 | D:2      | Reached XP level 3. HP: 28/31 MP: 2/2
   909 | D:2      | Found a shimmering blue altar of Sif Muna.
  2084 | D:2      | Noticed Robin
  2088 | D:2      | Reached XP level 4. HP: 39/39 MP: 3/3
  2095 | D:2      | Killed Robin
  2095 | D:2      | Reached ** piety under Trog
  3002 | D:3      | Reached XP level 5. HP: 45/45 MP: 4/4
  3061 | D:3      | Found a bloodstained altar of Trog.
  3062 | D:3      | Found a snail-covered altar of Cheibriados.
  3194 | D:3      | Found a broken altar of Ashenzari.
  3198 | D:3      | Saw a vision of the Shoals and the Spider Nest.
  3198 | D:3      | Noticed a steelbarb worm
  3198 | D:3      | Noticed a boulder beetle
  3198 | D:3      | Noticed an entropy weaver
  3198 | D:3      | Noticed a death scarab
  3198 | D:3      | Noticed a pharaoh ant
  3198 | D:3      | Noticed a redback
  3198 | D:3      | Noticed a merfolk
  3198 | D:3      | Noticed a manticore
  3198 | D:3      | Noticed a cyclops
  3198 | D:3      | Noticed a merfolk
  3198 | D:3      | Noticed a sea snake
  3198 | D:3      | Noticed a manticore
  3198 | D:3      | Noticed a snapping turtle
  3198 | D:3      | Noticed a merfolk
  3198 | D:3      | Noticed a sea snake
  3199 | D:3      | Noticed a wind drake
  3202 | D:3      | Noticed a boulder beetle
  3205 | D:3      | Noticed a jumping spider
  3735 | D:4      | Reached XP level 6. HP: 51/51 MP: 5/5
  3881 | D:4      | Reached XP level 7. HP: 18/57 MP: 6/6
  3882 | D:4      | Reached skill level 10 in Long Blades
  4348 | D:4      | Found a hazy altar of Hepliaklqana.
  4478 | D:5      | Entered Level 5 of the Dungeon
  4978 | D:5      | Reached XP level 8. HP: 55/66 MP: 7/7
  5038 | D:5      | Found a staircase to the Ecumenical Temple.
  5063 | D:5      | Reached *** piety under Trog
  5179 | D:5      | Reached skill level 4 in Fighting
  5183 | D:5      | Noticed Pikel
  5194 | D:5      | Killed Pikel
  5195 | D:5      | Reached skill level 5 in Fighting
  5395 | D:5      | Found an iron altar of Okawaru.
  5727 | D:5      | Found a runed translucent door.
  5731 | D:5      | Noticed gargbit's ghost (novice DsHu)
  5981 | D:6      | Found Xunucw's Antique Weapon Shoppe.
  6433 | D:6      | Found an ornate altar of the Wu Jian Council.
  6635 | D:6      | Found an opulent altar of Gozag.
  6679 | D:6      | Reached skill level 5 in Armour
  6679 | D:6      | Reached XP level 9. HP: 68/75 MP: 8/8
  7323 | D:7      | Reached skill level 6 in Fighting
  7323 | D:7      | Reached skill level 5 in Dodging
  7340 | D:7      | Found a runed translucent gate.
  7340 | D:7      | Found a runed translucent gate.
  7344 | D:7      | Found a runed translucent gate.
  7345 | D:7      | Noticed Garym's ghost (novice MiFi)
  7345 | D:7      | Noticed protoss039's ghost (novice DsEE)
  7345 | D:7      | Noticed gargbit's ghost (novice DsHu)
  7548 | D:7      | Noticed Joseph
  7558 | D:7      | Killed Joseph
  8165 | D:8      | Found a radiant altar of Vehumet.
  8224 | D:8      | Noticed a two-headed ogre
  8232 | D:8      | Killed a two-headed ogre
  8233 | D:8      | Reached skill level 7 in Fighting
  8461 | D:8      | Noticed a red ugly thing
  8474 | D:8      | Found a transporter.
  8475 | D:8      | Found a transporter.
  8479 | D:8      | Found a one-way gate to the infinite horrors of the Abyss.
  8479 | D:8      | Noticed gargbit's ghost (novice DsHu)
  8707 | D:8      | Noticed a boulder beetle
  8720 | D:8      | Reached XP level 10. HP: 86/86 MP: 9/9
  8886 | D:8      | Reached skill level 8 in Fighting
  9447 | D:8      | Paralysed by a centaur for 3 turns
  9523 | D:8      | Killed a boulder beetle
  9942 | D:9      | Found a staircase to the Orcish Mines.
  9988 | D:9      | Reached skill level 9 in Fighting
 10162 | D:9      | Found Reezawn's Book Shoppe.
 10734 | D:9      | Found a burning altar of Makhleb.
 10748 | D:9      | Reached XP level 11. HP: 82/97 MP: 10/10
 11012 | D:10     | Entered Level 10 of the Dungeon
 11237 | D:10     | Noticed an ice dragon
 11667 | D:10     | Killed an ice dragon
 11668 | D:10     | Reached skill level 10 in Fighting
 11903 | D:10     | Reached skill level 10 in Armour
 12240 | D:10     | Reached **** piety under Trog
 13084 | D:11     | Noticed a boulder beetle
 13617 | D:11     | Found a staircase to the Lair.
 13933 | D:11     | Killed a boulder beetle
 13934 | D:11     | Reached skill level 11 in Fighting
 13934 | D:11     | Reached skill level 1 in Ranged Weapons
 14569 | D:11     | Noticed a two-headed ogre
 14582 | D:11     | Killed a two-headed ogre
 14583 | D:11     | Reached skill level 10 in Dodging
 14793 | D:11     | Noticed Fannar
 14810 | D:11     | Killed Fannar
 14918 | D:11     | Found Howuoz's Antique Armour Boutique.
 14925 | D:11     | Bought a pair of embroidered gloves for 247 gold pieces
 14925 | D:11     | Bought a glowing cloak for 247 gold pieces
 14986 | D:11     | Noticed a green ugly thing
 14992 | D:11     | Killed a green ugly thing
 15279 | Lair:1   | Entered Level 1 of the Lair of Beasts
 15320 | Lair:1   | Reached XP level 12. HP: 101/110 MP: 11/11
 15569 | Lair:1   | Identified the ring "Vulomn" {*Slow rN+ rCorr Dex+6}
 16295 | Lair:2   | Reached skill level 12 in Fighting
 16358 | Lair:2   | Found a frozen archway.
 16368 | IceCv    | Entered an ice cave
 16390 | IceCv    | Found a transporter.
 16401 | IceCv    | Found a transporter.
 16440 | IceCv    | Reached skill level 5 in Ranged Weapons
 17869 | Lair:2   | Found a staircase to the Shoals.
 18215 | Lair:3   | Reached skill level 13 in Fighting
 18506 | Lair:3   | You fall into a shaft and drop 2 floors!
 18506 | Lair:5   | Entered Level 5 of the Lair of Beasts
 18546 | Lair:4   | Noticed a death yak
 18547 | Lair:4   | Noticed a death yak
 18633 | Lair:3   | Reached XP level 13. HP: 112/122 MP: 12/12
 19533 | Lair:3   | Found a hole to the Spider Nest.
 20216 | Lair:3   | Reached ***** piety under Trog
 20603 | Lair:4   | Found a staircase to the Slime Pits.
 21167 | Lair:4   | Reached skill level 14 in Fighting
 21730 | Lair:4   | Noticed Urug
 21744 | Lair:4   | Killed Urug
 23895 | Lair:5   | Reached XP level 14. HP: 133/133 MP: 13/13
 24259 | Lair:5   | Identified the +7 dagger of Ignis's Anger {vorpal, *Noise
                  | rElec Str+3}
 24657 | Lair:5   | Reached skill level 15 in Fighting
 24799 | Lair:5   | Found a corrupted altar of Lugonu.
 25130 | Orc:1    | Entered Level 1 of the Orcish Mines
 25724 | Orc:2    | Entered Level 2 of the Orcish Mines
 25751 | Orc:2    | Found a staircase to the Elven Halls.
 26252 | Orc:2    | Noticed Saint Roka
 26284 | Orc:2    | Mangled by Saint Roka

Illustrated notes

Levels and vault maps discovered:
D:1:      psy_arrival_terrarium, layout_basic, hellmonk_ecumenical_altar_blasted
D:2:      layout_basic, basic_altar, uniq_robin
D:3:      layout_loops_ring, minitemple, grunt_ashenzari_visionary
          [grunt_ashenzari_visionary_shoals, grunt_ashenzari_visionary_spider]
D:4:      layout_basic, lemuel_coloured_pillars_altar,
          minmay_misc_feat_nine_boxes, amcnicky_mini_corridor_feature
D:5:      layout_loops_ring, okawaru_gym_becter,
          minmay_temple_entry_antechambers, ebering_ghost_sewer_d, uniq_pikel
D:6:      layout_cave_pods, nzn_wu_jian_contemplation,
          mainiacjoe_overflow_chevrons, serial_shops, shop
D:7:      layout_basic, gammafunk_ghost_cemetery, uniq_joseph
D:8:      layout_layer_cave, nicolae_vehumet_altar_sigil,
          gammafunk_ghost_abyssal_escape, minmay_misc_feat_cross,
          kennysheep_island_fort
D:9:      layout_basic, mainiacjoe_overflow_catwalk, orc_0_dummy, serial_shops,
          shop
D:10:     minmay_coctagon, layout_gridville
D:11:     layout_basic, erik_lair_island, serial_shops, nicolae_shop_crystal,
          uniq_fannar
Lair:1:   layout_misc_corridors
Lair:2:   layout_regular_city, elwin_shoals_entry_rooms,
          portal_ice_cave_entry_pillars_1, grunt_megastairs_5
Lair:3:   lemuel_ratsnest, layout_gridlike,
          hellmonk_spider_entry_life_and_decay, beast_lair_carwin_7,
          infiniplex_staircase_pool
Lair:4:   layout_hall_layers, nicolae_slime_entry_slimehenge,
          infiniplex_staircase_pool_2, uniq_urug
Lair:5:   hellmonk_lair_end_abyssal_woods, layout_regular_city,
          grunt_megastairs_4
Orc:1:    layout_caves, basic_altar, david_defended_altar_orc, uniq_nergalle
Orc:2:    grunt_orc_community_town_hall, layout_caves,
          grunt_orc_community_big_house_2, grunt_orc_community_big_house_1,
          grunt_orc_community_house_2, grunt_orc_community_house_2,
          grunt_orc_community_house_3, grunt_orc_community_house_2,
          grunt_orc_community_house_2, grunt_orc_community_house_1, mines2_david

Skill      XL: |  1  2  3  4  5  6  7  8  9 10 11 12 13 14 |
---------------+-------------------------------------------+-----
Long Blades    | 4 5 7 8 9 11 12 13 14 | 14.4
Fighting       | 5 7 9 11 13 14 15 | 15.1
Armour         | 5 7 9 11 12 14 | 14.9
Dodging        | 4 6 8 10 11 13 | 13.7
Ranged Weapons | 3 5 8 9 |  9.3

Action                   |  1- 3 |  4- 6 |  7- 9 | 10-12 | 13-15 || total
-------------------------+-------+-------+-------+-------+-------++-------
Melee: Falchion          |    86 |   122 |   143 |       |       ||   351
       Headbutt          |     9 |    19 |    36 |   147 |   160 ||   371
       Punch             |     1 |       |     2 |     9 |    10 ||    22
       Scimitar          |       |       |    53 |   601 |   258 ||   912
       Double sword      |       |       |       |       |   383 ||   383
 Fire: Shortbow          |       |       |       |    43 |    60 ||   103
Invok: Berserk           |     3 |     3 |    13 |    19 |    20 ||    58
       Trog's Hand       |       |     1 |       |     4 |     6 ||    11
       Brothers in Arms  |       |       |       |     1 |     2 ||     3
  Use: Scroll            |     3 |     5 |     7 |    15 |     5 ||    35
       Potion            |       |       |       |     3 |     1 ||     4
Armor: Animal skin       |    15 |       |       |       |       ||    15
       Leather armour    |    13 |       |       |       |       ||    13
       Chain mail        |       |    75 |    11 |       |       ||    86
       Plate armour      |       |       |    67 |   335 |   462 ||   864
Dodge: Dodged            |    62 |    57 |    59 |   290 |   562 ||  1030
Block: Other             |       |       |       |    39 |   172 ||   211
       Reflection        |       |       |       |       |     5 ||     5
